TOP OF THE 1ST |
UCLA Bruins batting - Pitching for Iowa Hawkeyes : RHP Ryan Berry
|
Pitching: RHP Ryan Berry
|
|
Batting: RHB Kent Bannatyne
|
0-0: Foul Ball, location: 2F 0-1: Called Strike 0-2: Strikes out swinging
|
Batting: RHB Juan Valdéz
|
0-0: Ball 1-0: Ball 2-0: SINGLE (Flyball, 78S)
|
Batting: LHB Manny Kennedy
|
0-0: Grounds into double play, 5-4-3 (Groundball, 56)
|
Top of the 1st over - 0 runs, 1 hit, 0 errors, 0 left on base; UCLA 0 - Iowa 0 |
BOTTOM OF THE 1ST |
Iowa Hawkeyes batting - Pitching for UCLA Bruins : RHP Joe Byrd
|
Pitching: RHP Joe Byrd
|
|
Batting: RHB Jim Sharry
|
0-0: Swinging Strike 0-1: Called Strike 0-2: Ball 1-2: Foul Ball, location: 2F 1-2: Strikes out swinging
|
Batting: LHB Fletcher White
|
0-0: Ball 1-0: Ball 2-0: Swinging Strike 2-1: Called Strike 2-2: Foul Ball, location: 2F 2-2: Ground out 6-3 (Groundball, 6)
|
Batting: RHB Jim Jones
|
0-0: SINGLE (Groundball, 56S) (infield hit)
|
Batting: LHB Allen Lee
|
0-0: Called Strike 0-1: Ball 1-1: SINGLE (Flyball, 7LM) Jim Jones to second
|
Batting: LHB José Gonzáles
|
0-0: Called Strike 0-1: Ball 1-1: Called Strike 1-2: SINGLE (Flyball, 8RS) Jim Jones to third Allen Lee to second Runner from 3rd tries for Home, SAFE, throw made home
|
Batting: RHB John Phillips
|
0-0: Foul Ball, location: 2F 0-1: Ball 1-1: Ball 2-1: Called Strike 2-2: Foul Ball, location: 2F 2-2: Ball 3-2: Ground out 4-3 (Groundball, 4)
|
Bottom of the 1st over - 1 run, 3 hits, 0 errors, 2 left on base; UCLA 0 - Iowa 1 |
TOP OF THE 2ND |
UCLA Bruins batting - Pitching for Iowa Hawkeyes : RHP Ryan Berry
|
Batting: RHB Jorge Pacheco
|
0-0: Fly out, F8 (Flyball, 8LM)
|
Batting: RHB Lance Cherry
|
0-0: Fly out, F7 (Flyball, 7LS)
|
Batting: RHB Miguel Vargas
|
0-0: SINGLE (Line Drive, 56)
|
Batting: SHB Dave Green
|
0-0: Ball 1-0: Foul Ball, location: 2F 1-1: Ball 2-1: Ball 3-1: Foul Ball, location: 2F 3-2: Base on Balls Miguel Vargas to second
|
Batting: RHB Ed Watson
|
0-0: Ball 1-0: Ball 2-0: Ball 3-0: Base on Balls Miguel Vargas to third Dave Green to second
|
Batting: LHB Luis Velázquez
|
0-0: Swinging Strike 0-1: Ball 1-1: Foul Ball, location: 2F 1-2: Foul Ball, location: 2F 1-2: Ball 2-2: Foul Ball, location: 2F 2-2: Ball 3-2: Base on Balls Miguel Vargas scores Dave Green to third Ed Watson to second
|
Batting: RHB Kent Bannatyne
|
0-0: Called Strike 0-1: Foul Ball, location: 2F 0-2: Strikes out looking
|
Top of the 2nd over - 1 run, 1 hit, 0 errors, 3 left on base; UCLA 1 - Iowa 1 |
BOTTOM OF THE 2ND |
Iowa Hawkeyes batting - Pitching for UCLA Bruins : RHP Joe Byrd
|
Batting: RHB Jack Black
|
0-0: Fly out, F9 (Line Drive, 89M)
|
Batting: RHB Dan Perkins
|
0-0: Ball 1-0: Swinging Strike 1-1: Called Strike 1-2: Ball 2-2: Foul Ball, location: 2F 2-2: Ball 3-2: Strikes out swinging
|
Batting: RHB Jeff Harden
|
0-0: Called Strike 0-1: Called Strike 0-2: Ball 1-2: Strikes out swinging, 2-3 out at first.
|
Bottom of the 2nd over - 0 runs, 0 hits, 0 errors, 0 left on base; UCLA 1 - Iowa 1 |
TOP OF THE 3RD |
UCLA Bruins batting - Pitching for Iowa Hawkeyes : RHP Ryan Berry
|
Batting: RHB Juan Valdéz
|
0-0: Called Strike 0-1: Foul Ball, location: 2F 0-2: Ball 1-2: Ball 2-2: Strikes out looking
|
Batting: LHB Manny Kennedy
|
0-0: Called Strike 0-1: Swinging Strike 0-2: Ball 1-2: Ball 2-2: Foul Ball, location: 2F 2-2: Ball 3-2: Fly out, F8 (Flyball, 8LS)
|
Batting: RHB Jorge Pacheco
|
0-0: Ball 1-0: Ball 2-0: Ground out 6-3 (Groundball, 6S)
|
Top of the 3rd over - 0 runs, 0 hits, 0 errors, 0 left on base; UCLA 1 - Iowa 1 |
BOTTOM OF THE 3RD |
Iowa Hawkeyes batting - Pitching for UCLA Bruins : RHP Joe Byrd
|
Batting: RHB Jim Sharry
|
0-0: Called Strike 0-1: Fly out, F2 (Popup, 15S)
|
Batting: LHB Fletcher White
|
0-0: Called Strike 0-1: Fly out, F7 (Flyball, 78D)
|
Batting: RHB Jim Jones
|
0-0: Ball 1-0: Foul Ball, location: 2F 1-1: DOUBLE (Line Drive, 7D)
|
Batting: LHB Allen Lee
|
0-0: Swinging Strike 0-1: Ball 1-1: Ball 2-1: Fly out, F8 (Flyball, 8RD)
|
Bottom of the 3rd over - 0 runs, 1 hit, 0 errors, 1 left on base; UCLA 1 - Iowa 1 |
TOP OF THE 4TH |
UCLA Bruins batting - Pitching for Iowa Hawkeyes : RHP Ryan Berry
|
Batting: RHB Lance Cherry
|
0-0: Ball 1-0: Called Strike 1-1: Foul Ball, location: 2F 1-2: Ball 2-2: Fly out, F7 (Flyball, 7)
|
Batting: RHB Miguel Vargas
|
0-0: Called Strike 0-1: Swinging Strike 0-2: Foul Ball, location: 2F 0-2: Strikes out swinging
|
Batting: SHB Dave Green
|
0-0: Foul Ball, location: 2F 0-1: Ball 1-1: Ball 2-1: Foul Ball, location: 2F 2-2: Strikes out swinging
|
Top of the 4th over - 0 runs, 0 hits, 0 errors, 0 left on base; UCLA 1 - Iowa 1 |
BOTTOM OF THE 4TH |
Iowa Hawkeyes batting - Pitching for UCLA Bruins : RHP Joe Byrd
|
Batting: LHB José Gonzáles
|
0-0: Ball 1-0: Foul Ball, location: 2F 1-1: Fly out, F7 (Flyball, 78M)
|
Batting: RHB John Phillips
|
0-0: Called Strike 0-1: Foul Ball, location: 2F 0-2: Fly out, F9 (Line Drive, 9S)
|
Now in RF: Kent Matthews
|
|
Batting: RHB Jack Black
|
0-0: Called Strike 0-1: Ball 1-1: Swinging Strike 1-2: Ball 2-2: Strikes out swinging
|
Bottom of the 4th over - 0 runs, 0 hits, 0 errors, 0 left on base; UCLA 1 - Iowa 1 |
TOP OF THE 5TH |
UCLA Bruins batting - Pitching for Iowa Hawkeyes : RHP Ryan Berry
|
Batting: RHB Ed Watson
|
0-0: SINGLE (Line Drive, 56D)
|
Batting: RHB Kent Matthews
|
0-0: Ball 1-0: Fly out, F9 (Flyball, 9)
|
Batting: RHB Kent Bannatyne
|
0-0: Ball 1-0: Ball 2-0: Ball 3-0: Called Strike 3-1: SINGLE (Flyball, 7S) Ed Watson to second
|
Batting: RHB Juan Valdéz
|
0-0: Ball 1-0: Ball 2-0: Called Strike 2-1: Ball 3-1: Grounds into double play, 6-4-3 (Groundball, 6)
|
Top of the 5th over - 0 runs, 2 hits, 0 errors, 1 left on base; UCLA 1 - Iowa 1 |
BOTTOM OF THE 5TH |
Iowa Hawkeyes batting - Pitching for UCLA Bruins : RHP Joe Byrd
|
Batting: RHB Dan Perkins
|
0-0: Bunted foul 0-1: Ball 1-1: Ball 2-1: Called Strike 2-2: Ball 3-2: Strikes out swinging
|
Batting: RHB Jeff Harden
|
0-0: Fly out, F9 (Flyball, 9S)
|
Batting: RHB Jim Sharry
|
0-0: Ball 1-0: Foul Ball, location: 2F 1-1: Called Strike 1-2: Strikes out swinging
|
Bottom of the 5th over - 0 runs, 0 hits, 0 errors, 0 left on base; UCLA 1 - Iowa 1 |
TOP OF THE 6TH |
UCLA Bruins batting - Pitching for Iowa Hawkeyes : RHP Ryan Berry
|
Batting: LHB Manny Kennedy
|
0-0: Ball 1-0: Swinging Strike 1-1: Ball 2-1: Foul Ball, location: 2F 2-2: Strikes out looking
|
Batting: RHB Jorge Pacheco
|
0-0: Called Strike 0-1: Ball 1-1: Swinging Strike 1-2: Ball 2-2: Foul Ball, location: 2F 2-2: Ball 3-2: Ground out 5-3 (Groundball, 5)
|
Batting: RHB Lance Cherry
|
0-0: Ball 1-0: Ball 2-0: Ball 3-0: Base on Balls
|
Pitching: RHP Wes Jordan
|
|
Batting: RHB Miguel Vargas
|
0-0: Called Strike 0-1: SINGLE (Line Drive, 6M) Lance Cherry to second
|
Batting: SHB Dave Green
|
0-0: Ball 1-0: Swinging Strike 1-1: Ball 2-1: SINGLE (Line Drive, 89S) Lance Cherry to third Miguel Vargas to second Runner from 3rd tries for Home, throw and OUT!
|
Top of the 6th over - 0 runs, 2 hits, 0 errors, 2 left on base; UCLA 1 - Iowa 1 |
BOTTOM OF THE 6TH |
Iowa Hawkeyes batting - Pitching for UCLA Bruins : RHP Joe Byrd
|
Now at 3B: Jimmy Martin
|
|
Batting: LHB Fletcher White
|
0-0: Ball 1-0: Ball 2-0: Called Strike 2-1: Reached on error, E3 (Groundball, 3)
|
Batting: RHB Jim Jones
|
0-0: Called Strike 0-1: Called Strike 0-2: Strikes out swinging
|
Batting: LHB Allen Lee
|
0-0: Ball 1-0: Fly out, F8 (Flyball, 8RD)
|
Pitching: RHP Kevin Lester
|
|
Batting: LHB José Gonzáles
|
0-0: Ball Fletcher White steals 2nd base 1-0: Ball 2-0: Ground out U3 (Groundball, 3)
|
Bottom of the 6th over - 0 runs, 0 hits, 1 error, 1 left on base; UCLA 1 - Iowa 1 |
TOP OF THE 7TH |
UCLA Bruins batting - Pitching for Iowa Hawkeyes : RHP Wes Jordan
|
Batting: RHB Ed Watson
|
0-0: SINGLE (Groundball, 56S) (infield hit)
|
Batting: RHB Kent Matthews
|
0-0: Sac Bunt - play at first, batter OUT! 3-4 Ed Watson to second
|
Batting: RHB Kent Bannatyne
|
0-0: Intentional Walk
|
Batting: RHB Juan Valdéz
|
0-0: Ball 1-0: Called Strike 1-1: Foul Ball, location: 2F 1-2: Strikes out swinging
|
Batting: LHB Manny Kennedy
|
0-0: Called Strike 0-1: Swinging Strike 0-2: Ball 1-2: Foul Ball, location: 2F 1-2: Strikes out looking
|
Top of the 7th over - 0 runs, 1 hit, 0 errors, 2 left on base; UCLA 1 - Iowa 1 |
BOTTOM OF THE 7TH |
Iowa Hawkeyes batting - Pitching for UCLA Bruins : RHP Kevin Lester
|
Pinch Hitting: LHB Foster Clark
|
0-0: Called Strike 0-1: Called Strike 0-2: Fly out, F9 (Flyball, 89S)
|
Batting: RHB Jack Black
|
0-0: Called Strike 0-1: Swinging Strike 0-2: Ball 1-2: Ball 2-2: Strikes out swinging
|
Batting: RHB Dan Perkins
|
0-0: Fly out, F8 (Flyball, 8RD)
|
Bottom of the 7th over - 0 runs, 0 hits, 0 errors, 0 left on base; UCLA 1 - Iowa 1 |
TOP OF THE 8TH |
UCLA Bruins batting - Pitching for Iowa Hawkeyes : RHP Wes Jordan
|
Now at 1B: Foster Clark
|
|
Batting: RHB Jorge Pacheco
|
0-0: Ball 1-0: Called Strike 1-1: Ball 2-1: Foul Ball, location: 2F 2-2: Reached on error, E6 (Groundball, 6)
|
Batting: RHB Jimmy Martin
|
0-0: Called Strike 0-1: Ball 1-1: Swinging Strike 1-2: Fly out, F9 (Line Drive, 9)
|
Batting: RHB Miguel Vargas
|
0-0: Intentional Walk
|
Batting: SHB Dave Green
|
0-0: Foul Ball, location: 2F 0-1: Fly out, F3 (Line Drive, 3) Lined into DP, U3 (Line Drive, 3)
|
Top of the 8th over - 0 runs, 0 hits, 1 error, 1 left on base; UCLA 1 - Iowa 1 |
BOTTOM OF THE 8TH |
Iowa Hawkeyes batting - Pitching for UCLA Bruins : RHP Kevin Lester
|
Batting: RHB Jeff Harden
|
0-0: Swinging Strike 0-1: Ball 1-1: Ball 2-1: Foul Ball, location: 2F 2-2: Ball 3-2: Strikes out swinging
|
Batting: RHB Jim Sharry
|
0-0: Ball 1-0: SINGLE (Groundball, 3D)
|
Batting: LHB Fletcher White
|
0-0: Ball 1-0: Called Strike 1-1: Fielders Choice at 2nd, 5-4 (Groundball, 56)
|
Batting: RHB Jim Jones
|
0-0: Ball 1-0: Ball Fletcher White steals 2nd base 2-0: Called Strike 2-1: Foul Ball, location: 2F 2-2: Ball 3-2: Strikes out swinging
|
Bottom of the 8th over - 0 runs, 1 hit, 0 errors, 1 left on base; UCLA 1 - Iowa 1 |
TOP OF THE 9TH |
UCLA Bruins batting - Pitching for Iowa Hawkeyes : RHP Wes Jordan
|
Pitching: RHP Paul Smith
|
|
Pinch Hitting: LHB Rob Phillips
|
0-0: Called Strike 0-1: Ball 1-1: Ball 2-1: Ball 3-1: Foul Ball, location: 2F 3-2: Strikes out swinging
|
Batting: RHB Kent Matthews
|
0-0: Called Strike 0-1: Foul Ball, location: 2F 0-2: Foul Ball, location: 2F 0-2: Ball 1-2: Ball 2-2: Strikes out looking
|
Batting: RHB Kent Bannatyne
|
0-0: SINGLE (Line Drive, 78M)
|
Batting: RHB Juan Valdéz
|
0-0: Called Strike 0-1: Ball 1-1: Ball 2-1: Called Strike 2-2: Foul Ball, location: 2F 2-2: Ball 3-2: Ground out 6-3 (Groundball, 6)
|
Top of the 9th over - 0 runs, 1 hit, 0 errors, 1 left on base; UCLA 1 - Iowa 1 |
BOTTOM OF THE 9TH |
Iowa Hawkeyes batting - Pitching for UCLA Bruins : RHP Kevin Lester
|
Now at C: José Valentín
|
|
Batting: LHB Allen Lee
|
0-0: Fly out, F9 (Flyball, 9LS)
|
Batting: LHB José Gonzáles
|
0-0: Called Strike 0-1: Swinging Strike 0-2: Ball 1-2: Strikes out swinging
|
Pinch Hitting: LHB Jesús Torres
|
0-0: Ball 1-0: Ball 2-0: Ball 3-0: Base on Balls
|
Batting: RHB Jack Black
|
0-0: Ball 1-0: Ball 2-0: Called Strike 2-1: Foul Ball, location: 2F 2-2: Fielders Choice at 2nd, 5-4 (Groundball, 5)
|
Bottom of the 9th over - 0 runs, 0 hits, 0 errors, 1 left on base; UCLA 1 - Iowa 1 |
TOP OF THE 10TH |
UCLA Bruins batting - Pitching for Iowa Hawkeyes : RHP Paul Smith
|
Now in RF: Jesús Torres
|
|
Batting: LHB Manny Kennedy
|
0-0: Foul Ball, location: 2F 0-1: Ground out 3-1 (Groundball, 34)
|
Batting: RHB Jorge Pacheco
|
0-0: Called Strike 0-1: Ball 1-1: Ball 2-1: Foul Ball, location: 2F 2-2: Strikes out looking
|
Batting: RHB Jimmy Martin
|
0-0: Called Strike 0-1: Foul Ball, location: 2F 0-2: Ball 1-2: Ball 2-2: Strikes out swinging
|
Top of the 10th over - 0 runs, 0 hits, 0 errors, 0 left on base; UCLA 1 - Iowa 1 |
BOTTOM OF THE 10TH |
Iowa Hawkeyes batting - Pitching for UCLA Bruins : RHP Kevin Lester
|
Pitching: RHP Steve Webb
|
|
Batting: RHB Dan Perkins
|
0-0: Called Strike 0-1: Foul Ball, location: 2F 0-2: Foul Ball, location: 2F 0-2: Ball 1-2: Strikes out looking
|
Pinch Hitting: LHB Steve Barlow
|
0-0: Ball 1-0: Ball 2-0: Called Strike 2-1: Ball 3-1: Base on Balls
|
Batting: RHB Jim Sharry
|
0-0: Ball 1-0: Ball 2-0: Ball 3-0: Base on Balls Steve Barlow to second
|
Batting: LHB Fletcher White
|
0-0: Ball 1-0: Called Strike 1-1: Called Strike 1-2: Fielders Choice at 2nd, 6-4 (Groundball, 6) Steve Barlow to third
|
Batting: RHB Jim Jones
|
0-0: Ball 1-0: Ball 2-0: Fielders Choice at 2nd, U4 (Groundball, 4M)
|
Bottom of the 10th over - 0 runs, 0 hits, 0 errors, 2 left on base; UCLA 1 - Iowa 1 |
TOP OF THE 11TH |
UCLA Bruins batting - Pitching for Iowa Hawkeyes : RHP Paul Smith
|
Pitching: LHP Jon Carriere
|
|
Now in RF: Steve Barlow
|
|
Batting: RHB Miguel Vargas
|
0-0: Called Strike 0-1: Ball 1-1: Ball 2-1: Called Strike 2-2: Foul Ball, location: 2F 2-2: Ball 3-2: Base on Balls
|
Batting: SHB Dave Green
|
0-0: Sac Bunt - play at first, batter OUT! 1-4 Miguel Vargas to second
|
Batting: RHB José Valentín
|
0-0: Ball 1-0: Ball 2-0: Ball 3-0: Called Strike 3-1: Base on Balls
|
Batting: RHB Kent Matthews
|
0-0: Ball 1-0: Ball 2-0: Ball 3-0: Called Strike 3-1: Ground out 5-3 (Groundball, 5) Miguel Vargas to third José Valentín to second
|
Batting: RHB Kent Bannatyne
|
0-0: Intentional Walk
|
Batting: RHB Juan Valdéz
|
0-0: Ball 1-0: Called Strike 1-1: SINGLE (Groundball, 6MD) Miguel Vargas scores José Valentín to third Kent Bannatyne to second Runner from 3rd tries for Home, SAFE, no throw
|
Batting: LHB Manny Kennedy
|
0-0: Ball 1-0: Foul Ball, location: 2F 1-1: Foul Ball, location: 2F 1-2: Foul Ball, location: 2F 1-2: Strikes out swinging
|
Top of the 11th over - 2 runs, 1 hit, 0 errors, 2 left on base; UCLA 3 - Iowa 1 |
BOTTOM OF THE 11TH |
Iowa Hawkeyes batting - Pitching for UCLA Bruins : RHP Steve Webb
|
Batting: LHB Allen Lee
|
0-0: Ball 1-0: Ground out 4-3 (Groundball, 4)
|
Batting: LHB José Gonzáles
|
0-0: Ball 1-0: Ball 2-0: SINGLE (Line Drive, 4MD)
|
Batting: LHB Jesús Torres
|
0-0: Ball 1-0: Foul Ball, location: 2F 1-1: Ball 2-1: Foul Ball, location: 2F 2-2: SINGLE (Line Drive, 9S) José Gonzáles to second
|
Batting: RHB Jack Black
|
0-0: Ball 1-0: Fly out, F8 (Flyball, 89D) Runner from 2nd tags up, SAFE at 3rd, no throw
|
Batting: RHB Dan Perkins
|
0-0: Foul Ball, location: 2F 0-1: Called Strike 0-2: DOUBLE (Flyball, 78D) José Gonzáles scores Jesús Torres to third Runner from 3rd tries for Home, SAFE, throw made at trailing runner, OUT at third!
|
Bottom of the 11th over - 2 runs, 3 hits, 0 errors, 0 left on base; UCLA 3 - Iowa 3 |
TOP OF THE 12TH |
UCLA Bruins batting - Pitching for Iowa Hawkeyes : LHP Jon Carriere
|
Pitching: RHP Alejandro Ortíz
|
|
Batting: RHB Jorge Pacheco
|
0-0: SOLO HOME RUN (Flyball, 78XD), Distance : 376 ft
|
Batting: RHB Jimmy Martin
|
0-0: Called Strike 0-1: SINGLE (Groundball, 6D)
|
Batting: RHB Miguel Vargas
|
0-0: Called Strike 0-1: SINGLE (Flyball, 7S) Jimmy Martin to second
|
Batting: SHB Dave Green
|
0-0: Bunt - Flyout! F1
|
Batting: RHB José Valentín
|
0-0: Ground out 5-3 (Groundball, 56S) Jimmy Martin to third Miguel Vargas to second
|
Batting: RHB Kent Matthews
|
0-0: Fly out, F9 (Flyball, 9LS)
|
Top of the 12th over - 1 run, 3 hits, 0 errors, 2 left on base; UCLA 4 - Iowa 3 |
BOTTOM OF THE 12TH |
Iowa Hawkeyes batting - Pitching for UCLA Bruins : RHP Steve Webb
|
Pitching: RHP James Pace
|
|
Batting: LHB Steve Barlow
|
0-0: Foul Ball, location: 2F 0-1: SOLO HOME RUN (Flyball, 9D), Distance : 347 ft
|
Batting: RHB Jim Sharry
|
0-0: Swinging Strike 0-1: Ball 1-1: Ball 2-1: Foul Ball, location: 2F 2-2: Ball 3-2: Strikes out swinging
|
Batting: LHB Fletcher White
|
0-0: Ball 1-0: Called Strike 1-1: Ball 2-1: Ball 3-1: Base on Balls
|
Batting: RHB Jim Jones
|
0-0: Ball 1-0: Ball 2-0: Called Strike 2-1: Called Strike 2-2: Strikes out swinging
|
Batting: LHB Allen Lee
|
0-0: Ball 1-0: Fly out, F7 (Flyball, 78D)
|
Bottom of the 12th over - 1 run, 1 hit, 0 errors, 1 left on base; UCLA 4 - Iowa 4 |
TOP OF THE 13TH |
UCLA Bruins batting - Pitching for Iowa Hawkeyes : RHP Alejandro Ortíz
|
Pitching: RHP Félix Aguilar Jr.
|
|
Batting: RHB Kent Bannatyne
|
0-0: Foul Ball, location: 2F 0-1: Called Strike 0-2: Ball 1-2: Foul Ball, location: 2F 1-2: Ball 2-2: Ball 3-2: SOLO HOME RUN (Flyball, 78XD), Distance : 371 ft
|
Batting: RHB Juan Valdéz
|
0-0: Ball 1-0: Ball 2-0: Called Strike 2-1: Ball 3-1: Foul Ball, location: 2F 3-2: Base on Balls
|
Batting: LHB Manny Kennedy
|
0-0: Ball 1-0: Ball 2-0: Ball 3-0: Called Strike 3-1: Grounds into double play, 1-6-3 (Groundball, 13)
|
Batting: RHB Jorge Pacheco
|
0-0: Ground out 6-3 (Groundball, 6)
|
Top of the 13th over - 1 run, 1 hit, 0 errors, 0 left on base; UCLA 5 - Iowa 4 |
BOTTOM OF THE 13TH |
Iowa Hawkeyes batting - Pitching for UCLA Bruins : RHP James Pace
|
Batting: LHB José Gonzáles
|
0-0: Called Strike 0-1: Ball 1-1: Ball 2-1: Fly out, F9 (Flyball, 89D)
|
Batting: LHB Jesús Torres
|
0-0: Ball 1-0: Foul Ball, location: 2F 1-1: Ball 2-1: Swinging Strike 2-2: Foul Ball, location: 2F 2-2: Strikes out looking
|
Batting: RHB Jack Black
|
0-0: Called Strike 0-1: Ball 1-1: Ground out 5-3 (Groundball, 56S)
|
Bottom of the 13th over - 0 runs, 0 hits, 0 errors, 0 left on base; UCLA 5 - Iowa 4 |
|